cohdb
Replays
Latest Replays
All Replays
Popular Replays
Top Player Replays
Match Explorer
How It Works
Community
CoH3 Stats
Reddit
Sign in to upload your games and track your stats! →
Sign in with Steam
Match 44012623
Unlisted
Match 44012623
Overview
Messages
Build Orders
End
Royal Engineer Section
Vickers Machine Gun Team
Construct Section Command Post
Construct Section Command Post
Selects Heavy Armor Battlegroup
ML 3-inch Mortar Team
Infantry Section
Construct Platoon Command Post
6-pounder Anti-tank Gun Team
Unlock M3 Stuart Light Tanks
M3 Stuart Light Tank
Selects Rigorous Vehicle Training
Selects Light Vehicle Withdraw and Refit
Selects Radio Net
M3 Stuart Light Tank
Vickers Machine Gun Team
Selects Forward Repair Assembly
Selects Designate Targets
Designate Targets
Construct Company Command Post
Designate Targets
Crusader II Medium Tank
Designate Targets
Designate Targets
Designate Targets
Matilda II Heavy Tank
Designate Targets
Selects Forward Repair Assembly
Foot Guards Section
Matilda II Heavy Tank
Designate Targets
Designate Targets
Vickers Machine Gun Team
Infantry Section
Designate Targets
Foot Guards Section
Designate Targets
Designate Targets
Protez
Fire [Goat Company]
CalmSassarShow
rune41
Weers
Cmplord
MrGlaucus
꿀뜨개Honeydipper
0
0
Comments
sign in to comment!
No comments posted yet!